 Dungeon Crawl Stone Soup version 0.28.0-53-g5a82cb258f (webtiles) character file.

Game seed: 6072681004653306323

81 hawla the Stinger (level 4, -3/24 HPs)
             Began as a Deep Elf Venom Mage on Aug 6, 2022.
             Killed from afar by a white imp (6 damage)
             ... with a puff of frost
             ... summoned by Natasha
             ... on level 2 of the Dungeon.
             The game lasted 00:04:13 (1792 turns).

hawla the Stinger (Deep Elf Venom Mage)             Turns: 1792, Time: 00:04:13

Health: -3/24      AC:  2    Str:  5    XL:     4   Next: 19%
Magic:  4/10       EV: 12    Int: 22    God:
Gold:   56         SH:  0    Dex: 15    Spells: 4/9 levels left

rFire   . . .      SeeInvis .   (no weapon)
rCold   . . .      Faith    .   (no shield)
rNeg    . . .      Spirit   .   a - +0 robe
rPois   .          Reflect  .   (no helmet)
rElec   .          Harm     .   (no cloak)
rCorr   .          Rampage  .   (no gloves)
Will    .....                   (no boots)
Stlth   ++........              b - amulet of magic regeneration
HPRegen 0.08/turn               (no ring)
MPRegen 0.52/turn               (no ring)

@: no status effects
A: no striking features
a: no special abilities


You were on level 2 of the Dungeon.
You visited 1 branch of the dungeon, and saw 2 of its levels.

You collected 56 gold pieces.

Inventory:

Armour
 a - a +0 robe (worn)
Jewellery
 b - an amulet of magic regeneration (around neck)
Scrolls
 c - 2 scrolls of teleportation {unknown}
Potions
 d - a potion of mutation {unknown}


   Skills:
 - Level 0.1 Fighting
 - Level 2.4 Dodging
 - Level 2.4 Stealth
 - Level 3.2 Spellcasting
 - Level 1.3 Transmutations
 * Level 1.5 Air Magic
 - Level 4.8 Poison Magic


You had 4 spell levels left.
You knew the following spells:

 Your Spells              Type           Power      Damage    Failure   Level
a - Sting                 Tmut/Pois      68%        1d6       3%          1
b - Poisonous Vapours     Pois/Air       34%        N/A       4%          2
c - Corpse Rot            Necr/Air       14%        N/A       13%         2

Your spell library contained the following spells:

 Spells                   Type           Power      Damage    Failure   Level
 Slow                     Hex            12%        N/A       12%         1
 Mephitic Cloud           Conj/Pois/Air  13%        N/A       16%         3
 Olgreb's Toxic Radiance  Pois           25%        N/A       16%         4


Dungeon Overview and Level Annotations

Branches:
Dungeon (2/15)

Altars:

Annotations:
D:2 Natasha


Message History

Aim: Natasha (poisoned) Poisonous vapours surround Natasha!
Natasha looks even sicker.
Casting: Poisonous Vapours (safe; 4% risk of failure)
Confirm with . or Enter, or press ? or * to list all spells.
Aiming: Sting (safe; 3% risk of failure)
Press: ? - help, Shift-Dir - straight line, f/p - Natasha
Aim: Natasha (lightly wounded, very poisoned, 67% to hit)
The sting misses Natasha.
The sting hits the hobgoblin.
The hobgoblin is poisoned.
The hobgoblin is severely wounded.
Natasha completely misses you.
Casting: Sting (safe; 3% risk of failure)
Confirm with . or Enter, or press ? or * to list all spells.
Aiming: Sting (safe; 3% risk of failure)
Press: ? - help, Shift-Dir - straight line, f/p - Natasha
Aim: Natasha (lightly wounded, very poisoned, 67% to hit)
The sting hits Natasha.
Natasha looks even sicker.
Natasha is moderately wounded.
Natasha claws you.
You kill the hobgoblin!
Natasha drinks a potion.
Natasha seems to speed up.
Casting: Sting (safe; 3% risk of failure)
Confirm with . or Enter, or press ? or * to list all spells.
You smell decay.
The white imp gestures at you. The puff of frost hits you!
Natasha barely misses you.
Casting: Corpse Rot (safe; 13% risk of failure)
Confirm with . or Enter, or press ? or * to list all spells.
Aiming: Poisonous Vapours (safe; 4% risk of failure)
Press: ? - help, Dir - move target, f/p - Natasha
Aim: Natasha (heavily wounded, fast, very poisoned) Poisonous vapours surround Natasha!
Natasha looks as sick as possible!
Natasha closely misses you. The white imp gestures at you.
The puff of frost hits you!
* * * LOW HITPOINT WARNING * * *
Natasha closely misses you. The white imp gestures at you.
The puff of frost hits you.
You die...

#.# ##'### ##
#....# ...
#....# ....
#....# .....
#....#
......##....#
.....5'.....#
......#h#@###
##### #.#.#
#.#.# #.#.#
#.#.# #.#.#
#.#.. ###


You could see a white imp (summoned).

Vanquished Creatures
  Natasha (D:2)
  2 adders
  A dart slug (D:1)
  2 bats (D:1)
  3 giant cockroaches (D:1)
  A goblin (D:1)
  5 hobgoblins
  4 jackals (D:1)
  5 kobolds
  2 ball pythons (D:1)
  2 frilled lizards (D:1)
  7 rats (D:1)
35 creatures vanquished.

Vanquished Creatures (others)
  A fungus (D:1)
1 creature vanquished.

Grand Total: 36 creatures vanquished

Notes
Turn   | Place    | Note
-------+----------+-------------------------------------------
     0 | D:1      | hawla the Deep Elf Venom Mage began the quest for the Orb.
     0 | D:1      | Reached XP level 1. HP: 10/10 MP: 6/6
   253 | D:1      | Reached XP level 2. HP: 15/15 MP: 6/8
   256 | D:1      | Learned a level 2 spell: Poisonous Vapours
   441 | D:1      | Found a faded altar of an unknown god.
   448 | D:1      | Got Plato's Reference Book on Enchantment
   796 | D:1      | Reached skill level 4 in Poison Magic
   849 | D:1      | Reached XP level 3. HP: 19/19 MP: 9/9
  1090 | D:1      | Reached skill level 1 in Air Magic
  1526 | D:2      | Noticed Natasha
  1533 | D:2      | Killed Natasha
  1534 | D:2      | Reached XP level 4. HP: 10/24 MP: 5/10
  1736 | D:2      | Learned a level 2 spell: Corpse Rot
  1783 | D:2      | Noticed Natasha
  1792 | D:2      | Killed from afar by a white imp

Illustrated notes

Levels and vault maps discovered:
D:1:      dpeg_arrival_ratfight, layout_loops_ring,
          shapermc_ecumenical_altar_rom_forum, minmay_pentomino_x4
D:2:      layout_basic, uniq_natasha

Skill      XL: |  1  2  3 |
---------------+----------+-----
Poison Magic   | 4 |  4.8
Air Magic      | 1 |  1.5
Fighting       | |  0.1
Dodging        | |  2.4
Stealth        | |  2.4
Spellcasting   | |  3.2
Transmutations | |  1.3

Action                   |  1- 3 |  4- 6 || total
-------------------------+-------+-------++-------
Melee: Unarmed           |     7 |       ||     7
 Cast: Sting             |    35 |     3 ||    38
       Poisonous Vapours |    26 |     5 ||    31
       Corpse Rot        |       |     1 ||     1
Armor: Robe              |     8 |       ||     8
Dodge: Dodged            |    21 |     4 ||    25
